 Dungeon Crawl Stone Soup version 0.31-a0-841-g038b102fc3 (webtiles) character file.

Game seed: 5135762649616386328

7 Bravepunisher the Ducker (level 1, 0/11 HPs)
             Began as a Spriggan Monk on Sept 27, 2023.
             Killed from afar by a white imp (9 damage)
             ... with a puff of frost
             ... on level 5 of the Dungeon.
             The game lasted 00:01:05 (435 turns).

Bravepunisher the Ducker (Spriggan Monk)             Turns: 435, Time: 00:01:08

Health: 0/11       AC:  2    Str:  7    XL:     1   Next: 83%
Magic:  2/2        EV: 19    Int: 11    God:
Gold:   13         SH:  0    Dex: 17    Spells: 0/0 levels left

rFire   . . .        a - +0 short sword
rCold   . . .        (no shield)
rNeg    . . .        b - +0 robe
rPois   .            (helmet restricted)
rElec   .            (no cloak)
rCorr   .            (gloves unavailable)
SInv    +            (boots unavailable)
Will    .....        (no amulet)
Stlth   ++           (no ring)
HPRegen 0.21/turn    (no ring)
MPRegen 0.08/turn

%: no passive effects
@: very quick
A: very small, no large weapons, unfitting armour, see invisible, speed 3
a: no special abilities


You were on level 5 of the Dungeon.
You visited 1 branch of the dungeon, and saw 5 of its levels.

You collected 13 gold pieces.

Inventory:

Hand Weapons
 a - a +0 short sword (weapon)
Armour
 b - a +0 robe (worn)
Scrolls
 f - a scroll of identify {unknown}
Potions
 c - a potion of ambrosia
 d - a potion of lignification {unknown}
 e - a potion of haste {unknown}
 g - a potion of might {unknown}
 h - a potion of degeneration {unknown}


   Skills:
 * Level 2.7 Fighting
 - Level 3.2 Short Blades
 + Level 4.2 Dodging


You couldn't memorise any spells.
You didn't know any spells.
Your spell library was empty.

Dungeon Overview and Level Annotations

Branches:
Dungeon (5/15)
 Temple: D:4-7

Altars:

Annotations:
D:5 Dowan, Duvessa


Innate Abilities, Weirdness & Mutations

You are very small and have problems with some larger weapons.
You are too small for most types of armour.
You have supernaturally acute eyesight. (SInv)
You cover ground extremely quickly. (Speed+++)


Message History

Found a scroll labelled SEMI TYULAYZ.
The hobgoblin closely misses you.
The frilled lizard hisses angrily.
Found a club.
The hobgoblin attacks as it pursues you!
The hobgoblin hits you.
Found a scroll labelled YMOROPPOAR.
Found a long sword.
Found a scroll labelled EBLAYM NIOR.
You see here a +0 long sword.
Found 7 stones.
Found a stone staircase leading down.
There is a stone staircase leading down here.
You climb downwards.
There is a stone staircase leading up here.
Found a stone staircase leading up and a stone staircase leading down.
Found 2 stones.
An adder comes into view.
The adder hisses angrily.
A kobold comes into view. It is wielding a +0 dagger of venom.
Found a scroll labelled JUHIUMP PAEDI.
Found a leather armour.
You see here 14 gold pieces.
There is a stone staircase leading down here.
The adder closely misses you.
You climb downwards.
There is a stone staircase leading up here.
A white imp comes into view.
The white imp shouts, "Escape, thou unhinged boil-brained fleecer!"
Duvessa, Sister of Dowan comes into view.
She is wielding a +0 short sword.
The adder attacks as it pursues you! The adder barely misses you.
Dowan, Brother of Duvessa comes into view.
He is wielding a +0 dagger.
The adder attacks as it pursues you! The adder bites you.
A white imp comes into view.
The white imp shouts!
Duvessa says, "Did you see that move?
Perfect!"
The white imp gestures at you. The puff of frost hits you!
Ouch! That really hurt!
You die...

#..........#
##..........##
#...e........#
#............##
##.......5e....#
#..............#
#..............##.##
#..................5
#....<.....S@.......
#..............###.#
##..........####
##........##
####...### ...###
.###


You could see Duvessa, Dowan, an adder and 2 white imps.

Vanquished Creatures
  An endoplasm (D:1)
  A giant cockroach (D:1)
  3 ball pythons (D:1)
  A frilled lizard (D:1)
  A kobold (D:1)
  A rat (D:1)
8 creatures vanquished.

Notes
Turn   | Place    | Note
-------+----------+-------------------------------------------
     0 | D:1      | Bravepunisher the Spriggan Monk began the quest for the
                  | Orb.
     0 | D:1      | Reached XP level 1. HP: 11/11 MP: 2/2
   427 | D:5      | Entered Level 5 of the Dungeon
   429 | D:5      | Noticed Duvessa
   429 | D:5      | Noticed Dowan
   435 | D:5      | Killed from afar by a white imp

Illustrated notes

Levels and vault maps discovered:
D:1:      matt_arrival_diagonals, layout_basic, serial_shops,
          nicolae_shop_overgrown_old_shop
D:2:      layout_basic, uniq_sigmund
D:3:      layout_loops_cross, uniq_grinder
D:4:      minmay_recursive_quarters, layout_loops_cross
D:5:      layout_cave_pods, mainiacjoe_overflow_small_starburst, uniq_duvessa

Action                     || total
---------------------------++-------
  Melee: Short sword       ||    23
         Punch             ||     1
 Armour: Robe              ||     8
  Dodge: Dodged            ||    19

Table legend: (Time is in decaauts)
 A = Elapsed time spent in this place.
 B = Non-inter-level travel time spent in this place.
 C = Inter-level travel time spent in this place.
 D = Time resting spent in this place.
 E = Time spent auto-exploring this place.
 F = Levels seen in this place.
 G = Mean time per level.
                   A        B        C        D        E       F      G
               +--------+--------+--------+--------+--------+-----+--------+
         Total |    297 |    297 |      0 |     46 |    129 |   5 |   59.4 |
       Dungeon |    297 |    297 |      0 |     46 |    129 |   5 |   59.4 |
               +--------+--------+--------+--------+--------+-----+--------+

Top non-repeatable levels by time:
     D:1: 168 daAuts
     D:3: 72 daAuts
     D:2: 44 daAuts
     D:4: 7 daAuts
     D:5: 5 daAuts
